 Dungeon Crawl Stone Soup version 0.30.0-29-ga12c61a403 (webtiles) character file.

Game seed: 6624345852151018882

47 ChadusMaximus the Caller (level 3, 0/24 HPs)
             Began as a Barachi Summoner on June 22, 2023.
             Succumbed to Sigmund's poison
             ... on level 2 of the Dungeon.
             The game lasted 00:02:05 (1276 turns).

ChadusMaximus the Caller (Barachi Summoner)         Turns: 1276, Time: 00:02:06

Health: 0/24       AC:  4    Str:  9    XL:     3   Next: 70%
Magic:  6/7        EV: 12    Int: 17    God:
Gold:   100        SH:  0    Dex: 12    Spells: 6/7 levels left

rFire   . . .        m - +0 halberd (flame)
rCold   . . .        (shield currently unavailable)
rNeg    . . .        a - +0 robe
rPois   .            (no helmet)
rElec   .            (no cloak)
rCorr   .            l - +1 pair of gloves
SInv    .            (no boots)
Will    .....        (no amulet)
Stlth   ++           (no ring)
HPRegen 0.24/turn    (no ring)
MPRegen 0.10/turn

%: no passive effects
@: lethally poisoned (0 -> -15), slow
A: amphibious, slowness 1, strong legs 1, +LOS
a: Hop


You were on level 2 of the Dungeon.
You visited 1 branch of the dungeon, and saw 2 of its levels.

You collected 100 gold pieces.

Inventory:

Hand Weapons
 d - a +0 dagger
 f - a +0 short sword
 m - a +0 halberd of flaming (weapon)
Armour
 a - a +0 robe (worn)
 l - a +1 pair of gloves (worn)
Scrolls
 c - a scroll of identify {unknown}
 g - a scroll of magic mapping {unknown}
 h - a scroll of fog {unknown}
Potions
 b - a potion of magic
 i - a potion of invisibility {unknown}
 j - 2 potions of attraction {unknown}
 k - a potion of cancellation {unknown}


   Skills:
 - Level 2.2 Dodging
 - Level 1.8 Stealth
 + Level 2.8 Spellcasting
 * Level 5.9 Summonings


You had 6 spell levels left.
You knew the following spells:

 Your Spells              Type           Power      Damage    Failure   Level
a - Summon Small Mammal   Summ           88%        N/A       1%          1

Your spell library contained the following spells:

 Spells                   Type           Power      Damage    Failure   Level
 Call Imp                 Summ           44%        N/A       2%          2
 Call Canine Familiar     Summ           22%        N/A       4%          3
 Summon Guardian Golem    Hex/Summ       12%        N/A       16%         3
 Summon Lightning Spire   Summ/Air       12%        N/A       45%         4


Dungeon Overview and Level Annotations

Branches:
Dungeon (2/15)

Altars:

Shops:
D:1 ?

Annotations:
D:2 Sigmund


Innate Abilities, Weirdness & Mutations

You are amphibious.
You cover ground slowly.
You can hop short distances.
You have an extended range of vision and can be seen from far away.


Message History

Things that are here:
a +0 short sword; 3 stones You see here a +0 dagger.
You see here a +0 plate armour.
You see here a +0 dagger.
There is a stone staircase leading down here.
You climb downwards.
There is a stone staircase leading up here.
Found a sling.
No target in view!
You see here a +0 halberd of flaming.
No target in view!
You see here a +0 halberd of flaming.
m - a +0 halberd of flaming
d - a +0 dagger (weapon)
Your +0 halberd of flaming bursts into flame!
m - a +0 halberd of flaming (weapon)
Sigmund the Dreaded comes into view.
He is wielding a +0 scythe of venom.
Found a large filigree amulet.
Sigmund shouts!
Sigmund is nearby!
Casting: Summon Small Mammal (safe; 1% risk of failure)
Confirm with . or Enter, or press ? or * to list all spells.
Sigmund hits you but does no damage.
You are poisoned.
You feel very sick.
You swap places.
You feel sick.
Your bat barely misses Sigmund.
You swap places.
You feel sick.
Your bat hits Sigmund but does no damage.
Sigmund hits you from afar with a +0 scythe of venom!
You are lethally poisoned!
* * * LOW HITPOINT WARNING * * *
You feel very sick.
Your bat hits Sigmund but does no damage.
Sigmund laughs darkly.
Blink to where?
Press: ? - help, Dir - move target
As you read the scroll labelled ZAYW VUFEE, it crumbles to dust.
It was a scroll of blinking.
You die...

#..# #...........##.# ###
..###.#.....##.......# ..
...........###..#.#..# #####.
#.#.# #............##
......##b#.#####.....#.#.....#
...."..@.#...........#.###.#.#
......##.#.##.#......#.###.#.#
#####.
#.ยง....#......#..<..#.# ..
#.#......@#########...# ###
#.#.####.## #.### #.#......#
#.# #.######## #.# #.# #)# #.#
#.# #.# #.# #. ..#


There were no monsters in sight!

Vanquished Creatures
  A dart slug (D:1)
  A giant cockroach (D:1)
  2 goblins (D:1)
  A hobgoblin (D:1)
  5 jackals (D:1)
  3 kobolds (D:1)
  A quokka (D:1)
  2 bats (D:1)
  A frilled lizard (D:1)
  10 rats (D:1)
27 creatures vanquished.

Vanquished Creatures (collateral kills)
  2 bats (D:1)
  An endoplasm (D:1)
  3 goblins (D:1)
  3 jackals (D:1)
  2 quokkas (D:1)
  3 kobolds (D:1)
  A rat (D:1)
15 creatures vanquished.

Grand Total: 42 creatures vanquished

Notes
Turn   | Place    | Note
-------+----------+-------------------------------------------
     0 | D:1      | ChadusMaximus the Barachi Summoner began the quest for the
                  | Orb.
     0 | D:1      | Reached XP level 1. HP: 13/13 MP: 3/3
    86 | D:1      | Found Cohigref's Magic Scroll Boutique.
   115 | D:1      | Reached skill level 5 in Summonings
   185 | D:1      | Reached XP level 2. HP: 19/19 MP: 5/5
   676 | D:1      | Reached XP level 3. HP: 14/24 MP: 2/6
  1268 | D:2      | Noticed Sigmund
  1276 | D:2      | Succumbed to Sigmund's poison

Illustrated notes

Levels and vault maps discovered:
D:1:      sevenhm_arrival_forest_fort_small_6, layout_basic, serial_shops,
          nicolae_shop_rolled_up, serial_forest, infiniplex_forest_diagonal,
          infiniplex_forest_split, infiniplex_forest_clump_long,
          infiniplex_forest_lined_3_way, infiniplex_forest_zigzag_1,
          infiniplex_forest_straight_2, minmay_rat_gold_closets
D:2:      layout_loops_cross, shapermc_ecumenical_altar_rom_forum, uniq_sigmund

Skill      XL: |  1 |
---------------+----+-----
Summonings     | 5 |  5.9
Dodging        | |  2.2
Stealth        | |  1.8
Spellcasting   | |  2.8

Action                     || total
---------------------------++-------
  Melee: Dagger            ||    50
         Punch             ||     2
         Short sword       ||    81
   Cast: Summon Small Mamm ||    20
    Use: Scroll            ||     1
   Stab: Sleeping          ||     6
 Armour: Robe              ||    35
  Dodge: Dodged            ||   104
